 Dungeon Crawl Stone Soup version 0.27.1 (webtiles) character file.

Game seed: 16683666957430491190

1914 bigurice the Archer (level 8, 0/32 (39) HPs)
             Began as a Spriggan Arcane Marksman on Aug 29, 2021.
             Was an Elder of Fedhas.
             Slain by a wight (3 damage)
             ... on level 7 of the Dungeon.
             The game lasted 01:08:09 (9742 turns).

bigurice the Archer (Spriggan Arcane Marksman)      Turns: 9742, Time: 01:08:11

HP:   0/32 (39)     AC:  4    Str:  6    XL:     8   Next: 95%
MP:   0/13          EV: 20    Int: 15    God:    Fedhas [****..]
Gold: 271           SH:  0    Dex: 22    Spells: 9/12 levels left

rFire    + + .     SeeInvis +   y - +3 whip
rCold    x . .     Faith    .   (shield restricted)
rNeg     . . .     Spirit   +   d - +2 robe
rPois    .         Reflect  .   (helmet restricted)
rElec    .         Harm     .   (no cloak)
rCorr    .         Rampage  .   (gloves unavailable)
Will     +....                  (boots unavailable)
Stlth    ++++......             f - amulet of guardian spirit
HPRegen  0.10/turn              i - ring of fire
MPRegen  0.13/turn              e - ring "Veiduacs" {rF+ Dex+5}

@: attractive, heavily drained, very quick
A: very small, no large weapons, unfitting armour, see invisible, speed 3
a: Renounce Religion, Wall of Briars, Grow Ballistomycete, Overgrow


You were on level 7 of the Dungeon.
You worshipped Fedhas.
Fedhas was greatly pleased with you.
You visited 1 branch of the dungeon, and saw 7 of its levels.

You collected 301 gold pieces.
You spent 30 gold pieces at shops.

Inventory:

Hand Weapons
 a - a +1 shortbow
 b - a +0 whip
 h - a +0 dagger of speed
 p - a +2 dire flail of holy wrath
 w - a +0 hunting sling
 y - a +3 whip (weapon)
Missiles
 g - 3 throwing nets (quivered)
 z - 49 stones
 A - 13 poisoned darts
Armour
 d - a +2 robe (worn)
Magical Staves
 B - a staff of earth
Jewellery
 e - the ring "Veiduacs" (right hand) {rF+ Dex+5}
   (You acquired it on level 3 of the Dungeon)

   [ring of protection from fire]

   Dex:       It affects your dexterity (+5).
   rF:        It protects you from fire.
 f - an amulet of guardian spirit (around neck)
 i - a ring of fire (left hand)
 u - an amulet of faith
 D - a ring of positive energy
Wands
 m - a wand of polymorph (6)
 o - a wand of digging (11)
 v - a wand of charming (1)
Scrolls
 q - a scroll of identify
 s - a scroll of teleportation
 t - a scroll of holy word {unknown}
 x - a scroll of amnesia
Potions
 c - a potion of attraction
 j - a potion of ambrosia {unknown}
 k - 7 potions of curing
 l - a potion of cancellation {unknown}
 r - a potion of haste


   Skills:
 + Level 1.9 Fighting
 + Level 0.3 Short Blades
 + Level 0.2 Maces & Flails
 + Level 2.1 Slings
 - Level 11.2 Bows
 + Level 4.3 Dodging
 * Level 6.8 Stealth
 + Level 2.7 Spellcasting
 + Level 4.3 Hexes
 + Level 1.1 Invocations


You had 9 spell levels left.
You knew the following spells:

 Your Spells              Type           Power      Damage    Failure   Level
a - Corona                Hex            16%        N/A       3%          1
b - Slow                  Hex            15%        N/A       5%          2

Your spell library contained the following spells:

 Spells                   Type           Power      Damage    Failure   Level
 Summon Small Mammal      Summ           8%         N/A       21%         1
 Inner Flame              Hex/Fire       12%        N/A       26%         3
 Portal Projectile        Hex/Tloc       16%        N/A       26%         3
 Summon Guardian Golem    Hex/Summ       8%         N/A       26%         3
 Cause Fear               Hex            7%         N/A       34%         4
 Call Canine Familiar     Summ           2%         N/A       52%         3
 Ignite Poison            Fire/Tmut/Pois 3%         N/A       52%         3
 Ozocubu's Armour         Ice            2%         N/A       52%         3
 Invisibility             Hex            7%         N/A       99%         6
 Statue Form              Tmut/Erth      1%         N/A       100%        6
 Ozocubu's Refrigeration  Ice            1%         4d5       100%        7


Dungeon Overview and Level Annotations

Branches:
Dungeon (7/15)             Temple (0/1) D:6

Altars:
Ashenzari
Fedhas
Makhleb
Vehumet
Yredelemnul
The Shining One

Shops:
D:2 [(((   D:5 ?   D:6 (

Annotations:
D:5 2 runed translucent doors


Innate Abilities, Weirdness & Mutations

You are very small and have problems with some larger weapons.
You are too small for most types of armour.
You have supernaturally acute eyesight. (SInv)
You cover ground extremely quickly. (Speed+++)


Message History

You feel drained. The wight freezes you.
You barely miss the wight.
The wight is heavily damaged.
The wight barely misses you.
You hit the wight.
The wight is almost destroyed.
The wight barely misses you.
You hit the wight but do no damage.
The wight is almost destroyed.
The wight completely misses you.
You barely miss the wight.
The wight is almost destroyed.
The wight hits you with a +3 halberd of freezing!
You feel drained.
* * * LOW HITPOINT WARNING * * *
The wight freezes you.
* * * LOW HITPOINT WARNING * * *
The wight misses you.
It was a potion of attraction.
You feel attractive to monsters. The wight closely misses you.
The wight is pulled toward you! x2
You feel much better. The wight completely misses you.
The wight completely misses you. The wight is pulled toward you! x2
The wight hits you from afar with a +3 halberd of freezing!
The wight freezes you. The wight is pulled toward you! x2
The wight barely misses you. The wight is pulled toward you!
The wight is pulled toward you! The wight is pulled toward you!
You see here 2 arrows.
You hit the wight but do no damage.
The wight is lightly damaged.
The wight completely misses you. x2
You closely miss the wight.
The wight is lightly damaged.
The wight hits you from afar with a +3 halberd of freezing!
* * * LOW HITPOINT WARNING * * *
You feel drained.
You die...
Fedhas appreciates your contribution to the ecosystem.

....##.#
....##.#
.......# ###
.......# #.#
.......####.####
...............#
...(...####.####
.......#
#.##########
......##
#...zz@....#
......#
#########.##
......# #.#
......# #.#
#+##### #.# #.#
#.# #.# #.#


You could see 2 wights.

Vanquished Creatures
  Edmund (D:6)
  A black bear (D:4)
  An ice beast (D:7)
  An orc warrior (D:6)
  4 ogres
  A bullfrog (D:7)
  2 gnoll sergeants
  A water moccasin skeleton (D:4)
  2 howler monkeys (D:7)
  A bullfrog zombie (D:5)
  A centaur zombie (D:7)
  A gnoll shaman (D:7)
  A centaur skeleton (D:7)
  Jessica (D:2)
  2 iguanas
  A hound zombie (D:5)
  8 adders
  11 gnolls
  A river rat (D:6)
  A shadow imp (D:6)
  An ufetubus (D:4)
  3 adder skeletons
  5 dart slugs
  12 orcs
  5 bats
  7 endoplasms
  8 giant cockroaches
  12 goblins
  6 hobgoblins
  6 jackals
  12 kobolds
  3 quokkas (D:1)
  6 ball pythons
  8 frilled lizards
  8 rats
145 creatures vanquished.

Vanquished Creatures (collateral kills)
  2 phantoms (D:4)
  The ghost of bnorton916 the Conjurer, an amateur DECj (D:4)
  A bullfrog (D:7)
  A scorpion (D:4)
  2 wights (D:7)
  Natasha (thrice) (D:3)
  3 gnolls
  2 adders (D:4)
  2 shadow imps
  3 orcs (D:3)
  A goblin (D:4)
  2 ballistomycete spores (D:6)
23 creatures vanquished.

Vanquished Creatures (others)
  An ice beast (D:7)
  A jelly (D:7)
2 creatures vanquished.

Grand Total: 170 creatures vanquished

Notes
Turn   | Place    | Note
-------+----------+-------------------------------------------
     0 | D:1      | bigurice the Spriggan Arcane Marksman began the quest for
                  | the Orb.
     0 | D:1      | Reached XP level 1. HP: 9/9 MP: 3/3
   101 | D:1      | Found a faded altar of an unknown god.
   103 | D:1      | Noticed a great orb of eyes
   103 | D:1      | Noticed a floating eye
   104 | D:1      | Noticed a shining eye
   104 | D:1      | Noticed an eye of devastation
   109 | D:1      | Reached XP level 2. HP: 12/14 MP: 3/5
   388 | D:1      | Became a worshipper of Fedhas Madash
   388 | D:1      | Reached * piety under Fedhas
   999 | D:1      | Reached skill level 3 in Bows
  1012 | D:1      | Reached XP level 3. HP: 12/17 MP: 6/6
  1221 | D:1      | Reached ** piety under Fedhas
  1422 | D:2      | Noticed Jessica
  1435 | D:2      | Found Vyryron's Antique Weapon Shoppe.
  1500 | D:2      | Reached skill level 1 in Fighting
  1729 | D:2      | Found Heivvu's Weapon Boutique.
  1763 | D:2      | Killed Jessica
  1764 | D:2      | Reached skill level 4 in Bows
  1764 | D:2      | Reached XP level 4. HP: 22/22 MP: 7/7
  1908 | D:2      | Found Areneb's Weapon Shoppe.
  1943 | D:2      | Found Liafafua's Armour Emporium.
  2271 | D:3      | Reached skill level 1 in Stealth
  2282 | D:3      | Noticed Natasha
  2300 | D:3      | Killed Natasha
  2485 | D:3      | Learned a level 2 spell: Slow
  2581 | D:3      | Noticed Natasha
  2587 | D:3      | Killed Natasha
  2588 | D:3      | Reached skill level 5 in Bows
  2588 | D:3      | Reached XP level 5. HP: 25/25 MP: 2/8
  2764 | D:3      | Reached *** piety under Fedhas
  2867 | D:3      | Noticed Natasha
  2877 | D:3      | Killed Natasha
  3242 | D:3      | Identified a scroll of acquirement
  3242 | D:3      | Acquired the ring "Veiduacs" {rF+ Dex+5}
  3349 | D:4      | Noticed a phantom
  3365 | D:4      | Killed a phantom
  3366 | D:4      | Reached skill level 6 in Bows
  3394 | D:4      | Found a runed translucent door.
  3447 | D:4      | Noticed an ogre
  3459 | D:4      | Killed an ogre
  3460 | D:4      | Reached XP level 6. HP: 30/30 MP: 7/10
  3595 | D:4      | Reached skill level 7 in Bows
  3984 | D:4      | Noticed bnorton916's ghost (amateur DECj)
  4069 | D:4      | Reached XP level 7. HP: 8/33 MP: 5/12
  4472 | D:4      | Found a basalt altar of Yredelemnul.
  4475 | D:4      | Found a glowing golden altar of the Shining One.
  4479 | D:4      | Found a radiant altar of Vehumet.
  4480 | D:4      | Found a burning altar of Makhleb.
  4693 | D:4      | Reached skill level 8 in Bows
  5403 | D:4      | Killed bnorton916's ghost
  5404 | D:4      | Reached skill level 9 in Bows
  5501 | D:5      | Entered Level 5 of the Dungeon
  5505 | D:5      | Found Seimoz's Magic Scroll Boutique.
  5515 | D:5      | Bought a scroll of teleportation for 30 gold pieces
  5651 | D:5      | Found a broken altar of Ashenzari.
  5845 | D:5      | Found a runed translucent door.
  5847 | D:5      | Found a runed translucent door.
  5847 | D:5      | Noticed a vampire mosquito
  6164 | D:6      | Noticed Edmund
  6185 | D:6      | Killed Edmund
  6186 | D:6      | Reached XP level 8. HP: 37/37 MP: 5/13
  6277 | D:6      | Found a glowing drain.
  6287 | D:6      | Found Joqoxede's Weapon Shop.
  6653 | D:6      | Reached skill level 5 in Stealth
  6870 | D:6      | Reached skill level 10 in Bows
  7043 | D:6      | Found a staircase to the Ecumenical Temple.
  7069 | D:6      | Reached skill level 1 in Invocations
  7272 | D:6      | Got the Reference Book on Enchanting Transmigration
  7326 | D:6      | Reached **** piety under Fedhas
  7958 | D:7      | Reached skill level 11 in Bows
  9179 | D:7      | Reached skill level 1 in Slings
  9742 | D:7      | Slain by a wight

Illustrated notes

Levels and vault maps discovered:
D:1:      psy_arrival_spokes, layout_loops_ring,
          hellmonk_ecumenical_altar_watching_god
D:2:      layout_basic, serial_shops, nicolae_diamond_shop,
          nicolae_shop_behind_doors, nicolae_shop_waterfront, shop,
          minmay_goblin_outpost, uniq_jessica
D:3:      layout_basic, uniq_natasha
D:4:      layout_loops_ring, minitemple, ebering_ghost_sewer_d
D:5:      lemuel_insect_pit, layout_cave_pools, evilmike_ruin_ashenzari,
          serial_shops, shop_fountains, corexii_shack,
          hangedman_abyss_or_decor_jellyfish_corner
D:6:      layout_rooms, minmay_temple_entry_mini_moons, serial_shops,
          nicolae_shop_behind_doors, portal_sewer_entry_c,
          kennysheep_generic_room_13, uniq_edmund
D:7:      layout_basic

Skill      XL: |  1  2  3  4  5  6  7  8 |
---------------+-------------------------+-----
Dodging        | 3 4 |  4.3
Hexes          | 4 |  4.3
Bows           | 3 4 5 6 7 9 11 | 11.2
Fighting       | 1 |  1.9
Stealth        | 1 2 4 6 |  6.8
Spellcasting   | 2 |  2.7
Invocations    | 1 |  1.1
Slings         | 2 |  2.1
Short Blades   | |  0.3
Maces & Flails | |  0.2

Action                   |  1- 3 |  4- 6 |  7- 9 || total
-------------------------+-------+-------+-------++-------
Melee: Whip              |    29 |       |     7 ||    36
       Dagger            |       |     9 |    22 ||    31
 Fire: Shortbow          |    95 |   218 |   321 ||   634
       Hunting sling     |       |       |    35 ||    35
 Cast: Corona            |     9 |     7 |     2 ||    18
       Slow              |       |     3 |     2 ||     5
Invok: Wall of Briars    |       |     6 |     4 ||    10
       Grow Ballistomyce |       |       |     2 ||     2
Evoke: Wand              |       |       |    10 ||    10
  Use: Scroll            |     1 |     8 |     5 ||    14
       Potion            |     1 |     1 |     4 ||     6
Armor: Robe              |     7 |     4 |     7 ||    18
Dodge: Dodged            |    66 |    72 |   132 ||   270
